Map: Ley Lines

Players

BratOK (Brat_OK) - Winner!

  • Race: Terran Terran
  • League: Master
  • Spawn Location: 7:00

A.I. 2 (Elite)

  • Race: Protoss Protoss
  • Spawn Location: 1:00

VOD

Have the link to the VOD?

Description

Time

  • Played on: Oct. 17, 2025, 10:03 a.m.
  • Length: 18:20
Show
View Real Time Build Order
Export as new Build Order

BratOK Terran - Winner!

Build Orders: Mech 

Get SALT Encoding   

  12  0:00  SCV  
  13  0:12  SCV  
  14  0:16  Supply Depot  
  14  0:24  SCV  
  15  0:38  SCV  
  15  0:40  Barracks  
  16  0:43  Refinery  
  16  0:50  SCV  
  17  1:02  SCV  
  18  1:14  SCV  
  19  1:27  Orbital Command  
  19  1:28  Barracks Reactor  
  19  1:48  Command Center  
  19  1:54  SCV, Supply Depot  
  20  2:05  Marine x2  
  20  2:07  SCV  
  23  2:17  Factory  
  23  2:19  SCV  
  24  2:23  Marine x2  
  26  2:31  SCV  
  26  2:32  Bunker  
  27  2:41  Marine x2  
  27  2:43  SCV  
  30  2:46  Refinery  
  30  2:55  SCV  
  31  3:08  Hellion x2  
  31  3:09  SCV  
  31  3:11  Starport  
  36  3:21  Barracks Tech Lab  
  36  3:23  SCV  
  36  3:24  Orbital Command  
  37  3:35  SCV  
  37  3:37  Supply Depot  
  37  3:41  Factory Tech Lab  
  38  3:47  SCV  
  36  3:55  SCV  
  35  3:59  Marine x2, SCV  
  35  4:01  Banshee  
  40  4:07  SCV  
  41  4:11  SCV  
  41  4:14  Siege Tank  
  41  4:16  Supply Depot  
  41  4:18  Marine  
  41  4:19  SCV  
  41  4:20  Refinery  
  41  4:23  SCV  
  44  4:31  Cloaking Field, SCV  
  45  4:34  Marine  
  45  4:35  SCV  
  45  4:36  Marine  
  48  4:42  Supply Depot  
  48  4:43  SCV  
  49  4:46  Banshee  
  49  4:47  SCV  
  49  4:49  Siege Tank  
  56  4:55  SCV  
  56  4:57  Marine x2  
  59  5:05  SCV  
  59  5:06  Supply Depot  
  60  5:07  Refinery  
  60  5:09  SCV  
  61  5:15  Marine x2  
  61  5:17  Factory, SCV  
  64  5:21  SCV  
  64  5:24  Siege Tank  
  68  5:29  Supply Depot  
  68  5:30  SCV  
  68  5:35  Supply Depot  
  69  5:36  Raven  
  69  5:40  SCV  
  69  5:42  SCV  
  73  5:53  SCV  
  73  5:56  Supply Depot, Siege Tank  
  77  6:02  SCV  
  78  6:05  SCV  
  79  6:14  SCV  
  79  6:15  Barracks Reactor  
  79  6:16  Hellion x2  
  84  6:20  Factory, Supply Depot  
  84  6:22  Supply Depot  
  84  6:23  Factory  
  84  6:28  Siege Tank  
  84  6:30  SCV  
  84  6:32  Armory  
  88  6:34  Engineering Bay  
  88  6:38  Hellion  
  90  6:45  SCV  
  91  6:52  Supply Depot  
  93  6:54  Hellion  
  93  6:55  Supply Depot  
  93  6:57  Viking  
  93  6:59  Hellion  
  93  7:01  Siege Tank  
  100  7:05  Siege Tank  
  105  7:15  Hellion, Supply Depot  
  105  7:17  Infernal Pre-Igniter, Supply Depot, Hellion x2  
  105  7:21  Hellion  
  105  7:22  Terran Vehicle Weapons Level 1  
  111  7:32  Missile Turret  
  111  7:33  Missile Turret, Siege Tank  
  111  7:35  Missile Turret x2  
  116  7:37  Hellion  
  116  7:38  Hellion  
  116  7:41  Hellion x2  
  116  7:42  Hellion  
  126  7:58  Hellion  
  126  8:02  Hellion  
  126  8:05  Siege Tank x2  
  134  8:06  Hellion x2  
  134  8:12  Supply Depot x2  
  138  8:19  Hellion  
  140  8:24  Hellion  
  142  8:37  Siege Tank  
  145  8:42  Hellion, Siege Tank  
  145  8:43  Hellion x2  
  154  8:48  Supply Depot x2  
  148  9:05  Hellion x2  
  148  9:06  Hellion  
  148  9:09  Siege Tank  
  157  9:15  Siege Tank  
  157  9:16  Hellion  
  162  9:25  Liberator  
  162  9:27  Hellion  
  167  9:35  Supply Depot  
  167  9:36  Hellion x2  
  167  9:37  Supply Depot  
  171  9:41  Siege Tank  
  171  9:43  Hellion, Sensor Tower  
  176  9:47  Siege Tank  
  173  10:14  Siege Tank  
  176  10:15  Hellion x3, Liberator  
  185  10:24  Missile Turret  
  185  10:27  Hellion, Siege Tank  
  188  10:36  Hellion  
  186  10:46  Hellion x2, Siege Tank  
  191  11:25  Siege Tank x2  
  197  11:29  Supply Depot  
  197  11:32  Orbital Command  
  197  11:51  Hellion  
  199  12:10  Hellion  
Show
View Real Time Build Order
Export as new Build Order

A.I. 2 (Elite) Protoss 

Build Orders: Zealot Archon 

Get SALT Encoding   

  12  0:00  Probe  
  13  0:13  Probe  
  14  0:19  Pylon  
  14  0:25  Probe  
  15  0:33  Probe  
  15  0:39  Gateway  
  15  0:41  Probe  
  16  0:47  Assimilator  
  17  0:51  Probe  
  18  0:59  Pylon, Probe  
  19  1:08  Probe  
  19  1:18  Probe  
  21  1:26  Zealot  
  21  1:28  Cybernetics Core  
  21  1:30  Probe  
  24  1:42  Probe  
  25  1:53  Zealot  
  27  1:54  Gateway  
  27  1:56  Probe  
  27  1:57  Pylon  
  28  2:08  Warp Gate  
  28  2:22  Nexus  
  28  2:29  Probe  
  29  2:34  Assimilator  
  29  2:41  Probe  
  29  2:42  Adept  
  32  2:48  Adept  
  34  2:53  Probe  
  35  2:58  Pylon  
  35  3:05  Probe  
  36  3:12  Adept  
  38  3:17  Probe, Sentry  
  41  3:29  Probe  
  42  3:34  Probe  
  42  3:37  Robotics Facility, Stalker  
  45  3:41  Probe  
  45  3:46  Probe  
  45  3:53  Probe  
  44  3:56  Adept  
  44  3:58  Probe  
  44  4:04  Probe  
  39  4:10  Probe  
  39  4:12  Probe  
  39  4:15  Adept  
  42  4:20  Probe  
  42  4:22  Probe  
  44  4:32  Probe  
  44  4:34  Probe  
  44  4:35  Adept  
  48  4:44  Probe  
  49  4:46  Pylon  
  49  4:47  Probe  
  50  4:56  Probe  
  50  4:59  Probe  
  52  5:01  Immortal  
  52  5:06  Stalker  
  58  5:08  Probe  
  58  5:09  Probe  
  58  5:11  Pylon  
  60  5:17  Probe  
  60  5:18  Stalker  
  60  5:20  Probe  
  64  5:25  Probe, Twilight Council  
  64  5:31  Probe  
  66  5:37  Probe  
  66  5:39  Probe  
  66  5:42  Pylon  
  67  5:47  Probe  
  67  5:48  Zealot  
  70  5:50  Probe  
  70  5:59  Probe  
  70  6:02  Probe  
  70  6:03  Observer  
  70  6:05  Assimilator  
  70  6:10  Gateway  
  70  6:11  Probe  
  70  6:12  Templar Archives  
  70  6:14  Probe  
  71  6:23  Probe  
  71  6:24  Assimilator  
  72  6:26  Probe  
  72  6:29  Pylon  
  73  6:34  Probe  
  73  6:35  Zealot  
  73  6:38  Probe  
  77  6:42  Probe  
  77  6:46  Stalker  
  80  6:50  Probe x2  
  80  6:52  Pylon  
  81  6:55  Stalker  
  84  7:02  Probe  
  84  7:04  Sentry  
  84  7:06  Forge  
  87  7:09  High Templar  
  87  7:13  Nexus, Forge  
  89  7:18  High Templar  
  91  7:24  Pylon  
  91  7:26  Stalker  
  91  7:28  Psionic Storm  
  93  7:39  Protoss Ground Weapons Level 1  
  93  7:41  Zealot  
  93  7:42  Zealot  
  93  7:43  Archon  
  97  7:49  Pylon  
  97  7:50  High Templar  
  99  7:56  Stalker  
  99  7:57  Gateway  
  101  8:01  Zealot  
  103  8:07  Pylon  
  103  8:13  Photon Cannon  
  103  8:14  High Templar  
  105  8:22  Probe  
  105  8:24  Zealot  
  105  8:25  Probe x2, Stalker, Protoss Ground Armor Level 1  
  112  8:30  Probe  
  112  8:31  Assimilator  
  112  8:33  Pylon  
  112  8:37  Probe x2, Assimilator  
  111  8:44  Stalker  
  111  8:45  Photon Cannon  
  111  8:46  Probe, High Templar  
  111  8:48  Zealot  
  113  8:50  Probe  
  113  8:51  Stalker  
  113  8:54  Probe  
  111  9:04  Probe  
  111  9:07  High Templar  
  100  9:10  Probe  
  100  9:14  High Templar  
  100  9:16  Probe  
  101  9:19  Stalker  
  101  9:20  Archon  
  101  9:21  Zealot  
  101  9:22  Probe  
  103  9:28  Probe  
  104  9:34  Probe  
  105  9:40  Probe, High Templar  
  108  9:46  Probe  
  108  9:47  High Templar  
  108  9:52  Stalker  
  112  9:53  Probe  
  112  9:55  Archon  
  112  9:56  Pylon  
  112  9:58  Probe  
  112  10:00  Zealot  
  112  10:05  Probe  
  83  10:08  High Templar  
  83  10:10  Probe  
  76  10:14  Zealot  
  76  10:17  Probe  
  76  10:20  Zealot  
  76  10:21  High Templar  
  81  10:22  Probe  
  81  10:28  Archon  
  77  10:34  Probe  
  77  10:35  Adept  
  74  10:37  Zealot  
  58  10:50  High Templar  
  21  11:13  Zealot  
  23  11:21  High Templar  
  25  11:30  Zealot  
  25  11:40  Pylon  
  25  11:42  Zealot  
  23  11:49  High Templar  
  23  11:53  Zealot  
  25  11:55  Probe  
  24  12:07  Probe  
  23  12:20  Pylon  
Tags
 
League
Master
Matchup
PvT
Player
Brat_OK
Spawn Locations
Cross Positions
Add a new tag
Caveats
  • Supply blocks, unpowered buildings, or Contaminate may cause inaccurate times.
  • Supply counts are checked every 10 seconds.